 Dungeon Crawl Stone Soup version 0.23.2 (webtiles) character file.

Game seed: 13121602325463421726

1241 Borgoz the Cutter (level 8, -5/66 HPs)
             Began as a Ghoul Gladiator on Apr 3, 2019.
             Was an Initiate of Ashenzari.
             Killed from afar by an efreet (14 damage)
             ... with a fireball
             ... on level 6 of the Dungeon.
             The game lasted 00:07:51 (4505 turns).

Borgoz the Cutter (Ghoul Gladiator)                 Turns: 4505, Time: 00:07:51

Health: -5/66      AC:  6    Str: 18    XL:     8   Next: 49%
Magic:  7/7        EV: 23    Int:  3    God:    Ashenzari [......]
Gold:   325        SH:  0    Dex: 17    Spells: 1/7 levels left

rFire    . . .     SeeInvis .   y - +0 short sword (drain)
rCold    + . .     Gourm    .   (no shield)
rNeg     + + +     Faith    .   b - +0 leather armour
rPois    ∞         Spirit   .   c - +0 helmet
rElec    .         Reflect  .   q - +1 cloak
rCorr    .         Harm     .   (no gloves)
MR       .....                  (no boots)
Stlth    +++.......             (no amulet)
HPRegen  0.00/turn              l - ring of wizardry
MPRegen  0.10/turn              p - +3 ring of evasion

@: agile, rotting
A: rotting body, claws 1, carnivore, cold resistance 1, negative energy
resistance 3, inhibited regeneration, torment resistance, unbreathing
a: Curse Item, Renounce Religion


You were on level 6 of the Dungeon.
You worshipped Ashenzari.
Ashenzari was noncommittal.
You were not hungry.

You visited 2 branches of the dungeon, and saw 7 of its levels.
You also visited: Sewer.

You collected 325 gold pieces.

Inventory:

Hand Weapons
 a - a +0 rapier
 k - a +1 dagger of draining
 n - a +2 quarterstaff of chaos
 y - a +0 short sword of draining (weapon)
Armour
 b - a +0 leather armour (worn)
 c - a +0 helmet (worn)
 q - a +1 cloak (worn)
Jewellery
 l - a ring of wizardry (left claw)
 m - an uncursed ring of flight
 p - a +3 ring of evasion (right claw)
 D - an uncursed amulet of magic regeneration
Scrolls
 h - 7 scrolls of remove curse
 i - 2 scrolls of magic mapping {unknown}
 o - 5 scrolls of teleportation
 u - 6 scrolls of blinking {unknown}
 w - a scroll of fear
Potions
 g - 3 potions of agility
 j - a potion of haste
 r - a potion of heal wounds {unknown}
 s - a potion of resistance {unknown}
 v - a potion of ambrosia {unknown}
 x - a potion of flight {unknown}
 B - a potion of lignification {unknown}
Comestibles
 f - 9 rations
 C - 7 chunks of flesh


   Skills:
 + Level 4.2 Fighting
 * Level 5.2 Short Blades
 - Level 1.7 Throwing
 * Level 4.3 Armour
 * Level 5.2 Dodging
 + Level 3.8 Stealth
 + Level 0.1 Evocations


You had one spell level left.
You knew the following spells:

 Your Spells              Type           Power        Failure   Level  Hunger
a - Confusing Touch       Hex            #.....       28%         1    ##.....
b - Blink                 Tloc           N/A          38%         2    ###....
c - Mephitic Cloud        Conj/Pois/Air  #.......     61%         3    ####...

Your spell library contained the following spells:

 Spells                   Type           Power        Failure   Level  Hunger
 Animate Skeleton         Necr           N/A          28%         1    ##.....
 Apportation              Tloc           #.....       28%         1    ##.....
 Magic Dart               Conj           #...         28%         1    ##.....
 Pain                     Necr           #...         28%         1    ##.....
 Summon Small Mammal      Summ           #...         28%         1    ##.....
 Call Imp                 Summ           #.......     38%         2    ###....
 Slow                     Hex            #.......     38%         2    ###....
 Conjure Flame            Conj/Fire      #.......     61%         3    ####...
 Regeneration             Chrm/Necr      #.........   61%         3    ####...
 Vampiric Draining        Necr           #.........   61%         3    ####...
 Animate Dead             Necr           N/A          94%         4    #####..


Dungeon Overview and Level Annotations

Branches:
Dungeon (6/15)             Temple (1/1) D:6

Altars:
Ashenzari
Elyvilon
Fedhas
Gozag
Hepliaklqana
Okawaru
Ru
Sif Muna
Vehumet
Wu Jian
Yredelemnul
Zin
The Shining One


Innate Abilities, Weirdness & Mutations

Your body is rotting away.
You thrive on raw meat.
You are immune to poison.
You have sharp fingernails.
You are carnivorous and can eat meat at any time.
Your flesh is cold resistant. (rC+)
You are immune to negative energy. (rN+++)
You do not regenerate when monsters are visible.
You are immune to unholy pain and torment.
You can survive without breathing.


Message History

The efreet is severely wounded.
The efreet closely misses you.
Throwing (i - inventory)
d - a throwing net (quivered)
Press: ? - help, Shift-Dir - straight line, f/p - efreet
Aim: an efreet, wielding a +0 scimitar of flaming (severely wounded)
You throw a throwing net. The throwing net hits the efreet.
The efreet is caught in the net!
The efreet is severely wounded.
The efreet struggles against the net.
You puncture the efreet!
The efreet is almost dead.
The crimson imp blinks!
You hit the efreet but do no damage.
The efreet is almost dead.
The efreet struggles against the net.
You hit the efreet but do no damage.
The efreet is almost dead.
The efreet gestures at you.
The fireball explodes!
The fireball engulfs you!
You die...

#....#.#.#....##.#
#....... ##...#
#.#....>'.# #.......
.<...# #.#.....#.# #
#....... ###.##
#.###'#.#.# .#
#.###### ... #.#
#.#.### .# #(# ##.#
#.# ##### ###'###
### #.# #.#
##...##.....# #.#
#.###(....#§....# ..
#...#...R@'..8..+
#.##...#..[..#.....#
#..#...##...##...5.#
#..#...##### #.....#
#....###+# ##.....#
#.#..###.####.÷##.##
#...>........÷.÷..#
#..(....#####.#####
#.......# #.#


You could see an efreet (caught) and a crimson imp.

Vanquished Creatures
  An orc warrior (D:6)
  Purgy (Sewer)
  2 ogres
  3 centaurs
  A scorpion (D:5)
  A howler monkey (D:5)
  2 jellies (D:5)
  A quasit (D:5)
  A hound (D:4)
  2 bullfrog skeletons
  Crazy Yiuf (D:2)
  Jessica (D:3)
  5 worker ants
  A hound skeleton (D:4)
  7 adders
  3 gnolls (D:6)
  An adder skeleton (D:6)
  3 worms
  2 dart slugs
  2 leopard geckos
  5 orcs
  12 bats
  8 giant cockroaches
  7 goblins
  2 hobgoblins
  10 jackals
  13 kobolds
  A quokka (D:2)
  4 ball pythons
  2 frilled lizards
  2 giant cockroach zombies
  5 rats
112 creatures vanquished.

Vanquished Creatures (others)
  5 toadstools (D:1)
5 creatures vanquished.

Grand Total: 117 creatures vanquished

Notes
Turn   | Place    | Note
-------+----------+-------------------------------------------
     0 | D:1      | Borgoz the Ghoul Gladiator began the quest for the Orb.
     0 | D:1      | Reached XP level 1. HP: 17/17 MP: 0/0
    58 | D:1      | Reached XP level 2. HP: 24/24 MP: 1/1
   277 | D:1      | Reached skill level 1 in Armour
   310 | D:1      | Reached XP level 3. HP: 21/30 MP: 2/2
  1131 | D:2      | Reached skill level 1 in Stealth
  1168 | D:2      | Reached XP level 4. HP: 24/37 MP: 3/3
  1354 | D:2      | Found a runed translucent door.
  1355 | D:2      | Noticed Crazy Yiuf
  1414 | D:2      | Found a sacrificial altar of Ru.
  1567 | D:2      | Found a white marble altar of Elyvilon.
  1730 | D:2      | Killed Crazy Yiuf
  1825 | D:3      | Noticed Jessica
  1837 | D:3      | Killed Jessica
  1837 | D:3      | Reached XP level 5. HP: 40/40 MP: 4/4
  1922 | D:3      | Found a glowing drain.
  2169 | Sewer    | Entered a sewer
  2264 | Sewer    | Noticed Purgy
  2279 | Sewer    | Killed Purgy
  2279 | Sewer    | Reached XP level 6. HP: 41/51 MP: 5/5
  3030 | D:4      | Reached XP level 7. HP: 57/57 MP: 6/6
  3172 | D:5      | Entered Level 5 of the Dungeon
  3532 | D:5      | Reached XP level 8. HP: 25/66 MP: 7/7
  3676 | D:5      | Reached skill level 5 in Short Blades
  3676 | D:5      | Reached skill level 5 in Dodging
  4071 | D:6      | Found a staircase to the Ecumenical Temple.
  4081 | Temple   | Entered the Ecumenical Temple
  4105 | Temple   | Became a worshipper of Ashenzari the Shackled
  4175 | D:6      | Learned a level 1 spell: Confusing Touch
  4178 | D:6      | Learned a level 2 spell: Blink
  4182 | D:6      | Learned a level 3 spell: Mephitic Cloud
  4469 | D:6      | Noticed an efreet
  4505 | D:6      | Killed from afar by an efreet

Skill      XL: |  1  2  3  4  5  6  7  8 |
---------------+-------------------------+-----
Armour         | 1 2 3 4 |  4.3
Short Blades   | 3 4 5 |  5.2
Dodging        | 3 4 5 |  5.2
Stealth        | 1 2 3 |  3.8
Fighting       | 3 4 |  4.2
Throwing       | |  1.7
Evocations     | |  0.1

Action                   |  1- 3 |  4- 6 |  7- 9 || total
-------------------------+-------+-------+-------++-------
Melee: Rapier            |   154 |    19 |       ||   173
       Dagger            |       |   114 |       ||   114
       Short sword       |       |     6 |   210 ||   216
Throw: Throwing net      |       |     2 |     2 ||     4
  Use: Scroll            |     5 |     1 |     2 ||     8
       Potion            |       |       |     6 ||     6
 Stab: Sleeping          |       |     6 |     9 ||    15
       Held in net/web   |       |       |     2 ||     2
  Eat: Chunk             |     5 |     6 |     6 ||    17
Armor: Leather armour    |    63 |    30 |    34 ||   127
Dodge: Dodged            |   116 |    80 |   160 ||   356
